 Dungeon Crawl Stone Soup version 0.22-a0-580-gd5db89c (webtiles) character file.

168 Strangecreation the Gusty (level 5, -1/39 HPs)
             Began as a Draconian Air Elementalist on July 2, 2018.
             Killed from afar by Ijyb (14 damage)
             ... with a wand of acid (7)
             ... on level 3 of the Dungeon.
             The game lasted 00:20:06 (2591 turns).

Strangecreation the Gusty (DrAE)                    Turns: 2591, Time: 00:20:06

Health: -1/39      AC:  5    Str: 11    XL:     5   Next: 24%
Magic:  7/9        EV: 12    Int: 16    God:
Gold:   114        SH:  0    Dex: 11    Spells: 6/9 levels left

rFire    . . .     SeeInvis .   c - +2 hand axe (chop)
rCold    . . .     Gourm    .   (no shield)
rNeg     . . .     Faith    .   (armour unavailable)
rPois    .         Spirit   .   (helmet restricted)
rElec    .         Reflect  .   (no cloak)
rCorr    .         Harm     .   (no gloves)
MR       .....                  (no boots)
Stlth    ++........             (no amulet)
HPRegen  0.13/turn              (no ring)
MPRegen  0.11/turn              (no ring)

@: no status effects
A: unfitting armour, cold-blooded, AC +5
a: no special abilities


You were on level 3 of the Dungeon.
You were not hungry.

You visited 1 branch of the dungeon, and saw 3 of its levels.

You collected 114 gold pieces.

Inventory:

Hand Weapons
 c - a +2 hand axe of chopping (weapon)
Missiles
 d - 31 arrows
 e - 57 stones (quivered)
 r - 2 poisoned needles
Jewellery
 k - an uncursed ring of resist corrosion {unknown}
 m - a +4 ring of protection {unknown}
Scrolls
 a - 3 scrolls of identify {unknown}
 f - 4 scrolls of remove curse {unknown}
 g - 2 scrolls of amnesia {unknown}
 h - 2 scrolls of teleportation {unknown}
 l - a scroll of enchant weapon {unknown}
 o - a scroll of random uselessness {unknown}
 p - a scroll of enchant armour {unknown}
Potions
 i - a potion of degeneration {unknown}
 j - a potion of heal wounds {unknown}
 q - a potion of mutation {unknown}
Comestibles
 b - 4 rations
 n - 3 chunks of flesh


   Skills:
 + Level 0.5 Fighting
 + Level 1.2 Axes
 - Level 1.7 Dodging
 - Level 1.7 Stealth
 + Level 2.8 Spellcasting
 * Level 2.8 Conjurations
 * Level 4.4 Air Magic


You had 6 spell levels left.
You knew the following spells:

 Your Spells              Type           Power        Failure   Level  Hunger
a - Shock                 Conj/Air       ##..         4%          1    #......
b - Swiftness             Chrm/Air       #.......     12%         2    ##.....

Your spell library contained the following spells:

 Spells                   Type           Power        Failure   Level  Hunger
 Lightning Bolt           Conj/Air       ##........   77%         5    ######.
 Airstrike                Air            ###.......   30%         4    #####..
 Static Discharge         Conj/Air       ##......     13%         3    ###....


Dungeon Overview and Level Annotations

Branches:
Dungeon (3/15)

Altars:
Nemelex Xobeh
Yredelemnul

Annotations:
D:3 Ijyb


Innate Abilities, Weirdness & Mutations

Your plain brown scales are hard. (AC +5)
You cannot fit into any form of body armour.
You are cold-blooded and may be slowed by cold attacks.


Message History

Confirm with . or Enter, or press ? or * to list all spells.
Aiming: Shock (safe; 4% risk of failure)
Press: ? - help, Shift-Dir - straight line The zap hits the worm.
The worm is severely wounded.
The zap hits the worm.
You kill the worm!
You start resting.
Ijyb the Twisted Goblin comes into view.
Casting: Shock (safe; 4% risk of failure)
Confirm with . or Enter, or press ? or * to list all spells.
Aiming: Shock (safe; 4% risk of failure)
Press: ? - help, Shift-Dir - straight line The zap hits Ijyb.
Ijyb is lightly wounded.
Ijyb shouts!
The zap misses Ijyb.
Ijyb zaps a wand.
The bolt of acid hits you!
You are splashed with acid!
The acid burns!
It is a wand of acid (7).
Ijyb zaps a wand.
The bolt of acid hits you!
You die...

#######
#...g.#
#g###†#
#.#<#.# #
#.#.#w##.#
#.@.#.)..#
########w#
#


You could see Ijyb.

Vanquished Creatures
  Terence (D:2)
  Natasha (D:2)
  Robin (D:2)
  3 adders (D:2)
  2 oozes (D:1)
  A worm (D:3)
  A dart slug (D:1)
  3 leopard geckos
  A ball python (D:1)
  3 bats (D:1)
  5 giant cockroaches
  12 goblins
  10 hobgoblins
  10 kobolds
  A quokka (D:2)
  A frilled lizard (D:1)
  3 rats
59 creatures vanquished.

Notes
Turn   | Place    | Note
-------+----------+-------------------------------------------
     0 | D:1      | Strangecreation the Draconian Air Elementalist began the quest for the Orb.
     0 | D:1      | Reached XP level 1. HP: 14/14 MP: 3/3
   122 | D:1      | Reached XP level 2. HP: 17/20 MP: 0/5
   886 | D:1      | Reached XP level 3. HP: 26/26 MP: 2/6
   890 | D:1      | Learned a level 2 spell: Swiftness
  1338 | D:2      | Found a basalt altar of Yredelemnul.
  1556 | D:2      | Reached XP level 4. HP: 33/33 MP: 1/7
  1789 | D:2      | Noticed Terence
  1800 | D:2      | Reached skill level 4 in Air Magic
  1807 | D:2      | Killed Terence
  1807 | D:2      | Reached skill level 1 in Axes
  1964 | D:2      | Noticed Robin
  2001 | D:2      | Killed Robin
  2275 | D:2      | Noticed Natasha
  2276 | D:2      | Found a sparkling altar of Nemelex Xobeh.
  2285 | D:2      | Killed Natasha
  2285 | D:2      | Reached XP level 5. HP: 25/39 MP: 7/9
  2586 | D:3      | Noticed Ijyb
  2591 | D:3      | Killed from afar by Ijyb

Vault maps used:
D:1:      dpeg_arrival_stone_temple_mockup
D:2:      nemelex_xobeh_ov_fountains_minmay, yredelemnul_altar_generic,
          uniq_terence, uniq_natasha, uniq_robin
D:3:      uniq_sigmund, uniq_crazy_yiuf_cottage, uniq_ijyb, uniq_grinder

Skill      XL: |  1  2  3  4 |
---------------+-------------+-----
Conjurations   | 2 |  2.8
Air Magic      | 4 |  4.4
Axes           | 1 |  1.2
Fighting       | |  0.5
Dodging        | |  1.7
Stealth        | |  1.7
Spellcasting   | |  2.8

Action                   |  1- 3 |  4- 6 || total
-------------------------+-------+-------++-------
Melee: Hand axe          |    34 |    33 ||    67
       Tailslap          |     1 |     2 ||     3
 Cast: Shock             |    58 |    36 ||    94
 Stab: Sleeping          |     1 |     1 ||     2
  Eat: Chunk             |     3 |     3 ||     6
Armor: Skin              |     6 |     8 ||    14
Dodge: Dodged            |    29 |    29 ||    58

Table legend:
 A = Spawn XP
 B = Non-spawn XP
 C = Spawn XP percentage of total XP
 D = Spawn monster count
 E = Non-spawn monster count
 F = Spawn count percentage of total count
 G = Total turns spent on level
                    A         B        C        D         E        F      G
               +---------+---------+-------+---------+---------+-------+---------
         Total |       0 |     241 |   0.0 |       0 |      59 |   0.0 |  2591
               +---------+---------+-------+---------+---------+-------+---------
           D:1 |       0 |      61 |   0.0 |       0 |      28 |   0.0 |  1324
           D:2 |       0 |     171 |   0.0 |       0 |      28 |   0.0 |  1197
           D:3 |       0 |       9 |   0.0 |       0 |       3 |   0.0 |    70
               +---------+---------+-------+---------+---------+-------+---------
